 Dungeon Crawl Stone Soup version 0.28-a0-973-ga7f8b01127 (webtiles) character file.

Game seed: 13075517810069191623

3991 bjtr the Destroyer (level 9, -19/70 HPs)
             Began as a Demigod Conjurer on Nov 27, 2021.
             Demolished by a gargoyle (20 damage)
             ... on level 9 of the Dungeon on Dec 2, 2021.
             The game lasted 00:42:00 (10482 turns).

bjtr the Destroyer (Demigod Conjurer)              Turns: 10482, Time: 00:42:00

Health: -19/70     AC:  7    Str:  8    XL:     9   Next: 73%
Magic:  2/22       EV: 12    Int: 30    God:
Gold:   337        SH:  0    Dex: 12    Spells: 5/20 levels left

rFire   . . .      SeeInvis .   a - staff of conjuration
rCold   . . .      Faith    .   (no shield)
rNeg    + . .      Spirit   .   N - +2 robe {rN+}
rPois   .          Reflect  .   J - +0 hat
rElec   .          Harm     .   C - +2 cloak
rCorr   .          Rampage  .   (no gloves)
Will    +....                   (no boots)
Stlth   ++........              k - amulet of the acrobat
HPRegen 0.21/turn               v - +4 ring of slaying
MPRegen 0.18/turn               (no ring)

@: about to teleport
A: high mp 1, forlorn, divine attributes, dopey 1, strong-willed 1, screaming 1,
no potion heal 1
a: no special abilities


You were on level 9 of the Dungeon.
You visited 1 branch of the dungeon, and saw 9 of its levels.

You collected 387 gold pieces.
You spent 50 gold pieces at shops.

Inventory:

Hand Weapons
 b - a +1 hand crossbow of freezing
 c - a +0 dagger of venom
 g - a +2 dagger of draining
 r - a +0 halberd
 w - a +0 quarterstaff
 x - a +0 war axe
 B - a +1 morningstar
 M - a +3 scimitar
 P - a +4 quarterstaff of chaos
Missiles
 n - 4 throwing nets (quivered)
 y - 140 bolts
 E - 6 atropa-tipped darts
 L - 23 poisoned darts
Armour
 m - a +0 ring mail
 C - a +2 cloak (worn)
 J - a +0 hat (worn)
 N - a +2 robe of positive energy (worn)
Magical Staves
 a - a staff of conjuration (weapon)
 j - a staff of cold
 O - a staff of death
Jewellery
 k - an amulet of the acrobat (around neck)
 v - a +4 ring of slaying (left hand)
 G - an amulet of guardian spirit
 I - a ring of ice
Wands
 F - a wand of flame (4)
Scrolls
 d - 6 scrolls of teleportation
 o - a scroll of enchant weapon
 q - a scroll of fog
 s - a scroll of amnesia
Potions
 e - a potion of berserk rage {unknown}
 h - 2 potions of resistance
 i - a potion of haste {unknown}
 l - a potion of flight {unknown}
 p - 3 potions of cancellation
 u - a potion of mutation
 z - a potion of might {unknown}
 A - 2 potions of curing {unknown}
 H - 2 potions of lignification {unknown}
 K - a potion of ambrosia {unknown}


   Skills:
 + Level 3.4 Fighting
 + Level 2.7 Armour
 - Level 1.7 Dodging
 - Level 1.7 Stealth
 + Level 6.1 Spellcasting
 * Level 10.2 Conjurations
 * Level 3.0 Earth Magic
 * Level 2.9 Poison Magic


You had 5 spell levels left.
You knew the following spells:

 Your Spells              Type           Power      Damage    Failure   Level
a - Magic Dart            Conj           100%       1d8       1%          1
b - Searing Ray           Conj           100%       2d8       1%          2
c - Iskenderun's Mystic   Conj/Tloc      56%        2d12      6%          4
d - Hailstorm             Conj/Ice       56%        3d12      6%          4
e - Olgreb's Toxic Radia  Pois           26%        N/A       16%         4

Your spell library contained the following spells:

 Spells                   Type           Power      Damage    Failure   Level
 Dazzling Flash           Conj/Hex       100%       N/A       1%          3
 Sting                    Tmut/Pois      72%        1d6       2%          1
 Poisonous Vapours        Pois/Air       36%        N/A       4%          2
 Animate Skeleton         Necr           18%        N/A       5%          1
 Apportation              Tloc           18%        N/A       5%          1
 Freeze                   Ice            36%        1d6       5%          1
 Summon Small Mammal      Summ           36%        N/A       5%          1
 Fulminant Prism          Conj/Hex       28%        3d14      6%          4
 Ensorcelled Hibernation  Hex/Ice        18%        N/A       8%          2
 Frozen Ramparts          Ice            18%        1d3       16%         3
 Portal Projectile        Hex/Tloc       18%        N/A       16%         3
 Tukima's Dance           Hex            9%         N/A       16%         3
 Animate Armour           Summ/Erth      36%        N/A       28%         4
 Blade Hands              Tmut           4%         N/A       82%         5
 Excruciating Wounds      Necr           4%         N/A       82%         5
 Iron Shot                Conj/Erth      32%        9d7       47%         6


Dungeon Overview and Level Annotations

Branches:
Dungeon (9/15)             Temple (0/1) D:6
   Lair: D:8-11         Orc: D:9-12

Shops:
D:2 ?(   D:6 *

Annotations:
D:8 Erica


Innate Abilities, Weirdness & Mutations

You have an increased reservoir of magic. (+10% MP)
You shall have no god before yourself.
Your divine heritage dramatically boosts your attributes as you level up.
You are dopey. (Int -2)
You are strong-willed. (Will+)
You occasionally shout uncontrollably at your foes.
Potions are less effective at restoring your health.


Message History

The gargoyle hurls a stone arrow at you.
The stone arrow hits you!
Casting: Searing Ray (safe; 1% risk of failure)
Confirm with . or Enter, or press ? or * to list all spells.
Aiming: Searing Ray (safe; 1% risk of failure)
Press: ? - help, Shift-Dir - straight line, f/p - gargoyle
Aim: a gargoyle, wielding a +0 flail (severely damaged, 92% to hit)
You feel a surge of power!
The searing ray hits the gargoyle but does no damage.
The gargoyle is severely damaged. (Press . to maintain the ray.)
The gargoyle hurls a stone arrow at you.
The stone arrow hits you!!
* * * LOW HITPOINT WARNING * * *
The searing ray hits the gargoyle but does no damage.
The gargoyle is severely damaged.
The gargoyle completely misses you.
The searing ray hits the gargoyle but does no damage.
The gargoyle is severely damaged.
The gargoyle completely misses you.
The searing ray hits the gargoyle but does no damage.
The gargoyle is severely damaged.
You finish channelling your searing ray.
The gargoyle hurls a stone arrow at you.
The stone arrow misses you.
You hit the gargoyle but do no damage.
The gargoyle is severely damaged.
The gargoyle hurls a stone arrow at you.
The stone arrow hits you!
* * * LOW HITPOINT WARNING * * *
Okay, then.
Okay, then.
As you read the scroll of teleportation, it crumbles to dust.
You feel strangely unstable. The gargoyle hits you with a +0 flail!
* * * LOW HITPOINT WARNING * * *
It was a potion of mutation.
You feel extremely strange.
Your system partially rejects the healing effects of potions.
You feel the urge to shout.
You feel stupid.
You feel strong-willed. The gargoyle hits you with a +0 flail!!
You die...

≈
.............#
≈♣
P♣...........#
P♣
≈♣♣.........#
≈≈ ♣♣........#
≈≈ ≈≈≈≈......#
≈≈ ♣≈≈♣♣.....#
≈≈ ♣≈≈≈♣♣....#
≈S ≈P♣≈≈≈.9..#
≈≈ ≈≈≈≈♣.#@.#
≈≈ ≈≈≈♣..#..#
≈≈ ≈♣≈#...††#
≈ #.....#
#.....#
#......#
#.#....#
#.#....# #
#....#


You could see a gargoyle.

Vanquished Creatures
  A hornet (D:9)
  Grinder (D:6)
  Sigmund (D:6)
  A wyvern (D:8)
  A water moccasin (D:8)
  A hornet zombie (D:7)
  4 black bears
  3 sky beasts
  An ogre (D:3)
  3 necrophages
  A centaur (D:9)
  A kobold brigand (D:8)
  A phantom (D:5)
  A bullfrog (D:9)
  2 gnoll sergeants
  A scorpion (D:5)
  A water moccasin skeleton (D:5)
  7 killer bees
  5 wights (D:7)
  3 electric eels (D:9)
  2 howler monkeys (D:7)
  A bullfrog zombie (D:6)
  4 hounds
  2 orc priests
  A centaur zombie (D:7)
  A gnoll shaman (D:6)
  Crazy Yiuf (D:6)
  A bullfrog skeleton (D:4)
  2 centaur skeletons (D:7)
  2 jellies
  An iguana (D:6)
  A killer bee zombie (D:9)
  A hound zombie (D:5)
  A howler monkey skeleton (D:7)
  A howler monkey zombie (D:7)
  9 adders
  17 gnolls
  2 white imps
  2 adder skeletons
  3 worms
  A dart slug (D:4)
  10 orcs
  6 endoplasms
  A giant cockroach (D:3)
  12 goblins
  4 hobgoblins
  4 jackals
  3 quokkas
  4 ball pythons
  4 bats
  15 kobolds
159 creatures vanquished.

Vanquished Creatures (others)
  A fungus (D:6)
  18 plants (D:9)
19 creatures vanquished.

Grand Total: 178 creatures vanquished

Notes
Turn   | Place    | Note
-------+----------+-------------------------------------------
     0 | D:1      | bjtr the Demigod Conjurer began the quest for the Orb.
     0 | D:1      | Reached XP level 1. HP: 14/14 MP: 5/5
   366 | D:1      | Reached skill level 4 in Conjurations
   649 | D:1      | Reached XP level 2. HP: 20/20 MP: 2/7
   654 | D:1      | Learned a level 2 spell: Searing Ray
  1414 | D:2      | Found Viokod's Weapon Emporium.
  1490 | D:2      | Found Rummim's Magic Scroll Shoppe.
  1975 | D:3      | Reached XP level 3. HP: 26/26 MP: 5/8
  2150 | D:3      | Reached skill level 5 in Conjurations
  2187 | D:3      | Noticed an ogre
  2193 | D:3      | Killed an ogre
  2194 | D:3      | Reached XP level 4. HP: 21/33 MP: 1/10
  2194 | D:3      | Reached XP level 5. HP: 24/38 MP: 1/11
  2394 | D:3      | Learned a level 4 spell: Iskenderun's Mystic Blast
  2945 | D:4      | Reached skill level 6 in Conjurations
  3365 | D:4      | Reached XP level 6. HP: 45/45 MP: 8/13
  3698 | D:4      | Upgraded the game from 0.28-a0-925-gd5e1996cdb to
                  | 0.28-a0-973-ga7f8b01127
  3704 | D:4      | Reached skill level 7 in Conjurations
  3990 | D:5      | Entered Level 5 of the Dungeon
  4008 | D:5      | Reached XP level 7. HP: 50/50 MP: 9/15
  4534 | D:5      | Reached skill level 8 in Conjurations
  5557 | D:6      | Noticed Grinder
  5569 | D:6      | Killed Grinder
  5570 | D:6      | Reached skill level 1 in Fighting
  5570 | D:6      | Reached XP level 8. HP: 55/59 MP: 8/18
  5643 | D:6      | Found a runed translucent door.
  5644 | D:6      | Noticed Crazy Yiuf
  5649 | D:6      | Killed Crazy Yiuf
  5777 | D:6      | Found Uggagot's General Store.
  5790 | D:6      | Reached skill level 9 in Conjurations
  5792 | D:6      | Bought a potion of heal wounds for 50 gold pieces
  5899 | D:6      | Reached skill level 5 in Spellcasting
  5958 | D:6      | Found a staircase to the Ecumenical Temple.
  6311 | D:6      | Noticed Sigmund
  6313 | D:6      | Reached skill level 1 in Armour
  6319 | D:6      | Killed Sigmund
  6320 | D:6      | Reached skill level 1 in Earth Magic
  6320 | D:6      | Reached skill level 1 in Poison Magic
  6395 | D:6      | Learned a level 4 spell: Hailstorm
  7378 | D:7      | Reached XP level 9. HP: 67/67 MP: 14/20
  8383 | D:8      | Reached skill level 10 in Conjurations
  8566 | D:8      | Learned a level 4 spell: Olgreb's Toxic Radiance
  8793 | D:8      | Noticed Erica
  9921 | D:9      | Noticed a gargoyle
 10481 | D:9      | HP: 1/70 [gargoyle (7)]
 10482 | D:9      | Gained mutation: Potions are less effective at restoring
                  | your health. [potion of mutation]
 10482 | D:9      | Gained mutation: You occasionally shout uncontrollably at
                  | your foes. [potion of mutation]
 10482 | D:9      | Gained mutation: You are dopey. (Int -2) [potion of
                  | mutation]
 10482 | D:9      | Gained mutation: You are strong-willed. (Will+) [potion of
                  | mutation]
 10482 | D:9      | Demolished by a gargoyle

Illustrated notes

Levels and vault maps discovered:
D:1:      amcnicky_arrival_blooded_trapdoor, layout_loops_cross,
          ebering_ecumenical_altar_box, minivault_27
D:2:      minmay_general_purpose_star, layout_basic, serial_shops,
          nicolae_shop_bloodbath_and_beyond, nicolae_shop_crystal
D:3:      layout_loops_ring, grunt_ministairs_10, minmay_misc_feat_iff,
          minivault_11, minmay_ogre_servants
D:4:      layout_cave_pools, mainiacjoe_overflow_alcove_4, grunt_ministairs_9
D:5:      layout_loops_ring
D:6:      layout_loops_ring, minmay_temple_entry_trees, serial_shops,
          nicolae_shop_crystal, uniq_sigmund, uniq_crazy_yiuf_cottage,
          uniq_grinder
D:7:      layout_loops_corners
D:8:      layout_cave_pods, uniq_erica
D:9:      layout_stronghold, serial_bayou_lake_a

Skill      XL: |  1  2  3  4  5  6  7  8  9 |
---------------+----------------------------+-----
Conjurations   | 4 5 6 7 8 9 10 | 10.2
Spellcasting   | 2 3 4 5 6 |  6.1
Fighting       | 1 2 3 |  3.4
Armour         | 1 2 |  2.7
Earth Magic    | 1 3 |  3.0
Poison Magic   | 1 2 |  2.9
Dodging        | |  1.7
Stealth        | |  1.7

Action                   |  1- 3 |  4- 6 |  7- 9 || total
-------------------------+-------+-------+-------++-------
Melee: Unarmed           |     6 |       |       ||     6
       Staff             |     8 |     8 |   137 ||   153
       Dagger            |     1 |       |       ||     1
Throw: Throwing net      |       |     2 |       ||     2
       Stone             |       |     1 |       ||     1
 Cast: Magic Dart        |    46 |    42 |     1 ||    89
       Searing Ray       |     7 |    18 |    65 ||    90
       Olgreb's Toxic Ra |       |       |     4 ||     4
  Use: Scroll            |     2 |       |    12 ||    14
       Potion            |       |       |     2 ||     2
 Stab: Sleeping          |       |       |     4 ||     4
Armor: Robe              |     3 |       |    18 ||    21
       Leather armour    |       |     6 |    38 ||    44
Dodge: Dodged            |    25 |    21 |   195 ||   241

Table legend: (Time is in decaauts)
 A = Elapsed time spent in this place.
 B = Non-inter-level travel time spent in this place.
 C = Inter-level travel time spent in this place.
 D = Time resting spent in this place.
 E = Time spent auto-exploring this place.
 F = Levels seen in this place.
 G = Mean time per level.
                   A        B        C        D        E       F      G
               +--------+--------+--------+--------+--------+-----+--------+
         Total |  10528 |  10257 |    271 |   2698 |   6030 |   9 | 1169.8 |
       Dungeon |  10528 |  10257 |    271 |   2698 |   6030 |   9 | 1169.8 |
               +--------+--------+--------+--------+--------+-----+--------+

Top non-repeatable levels by time:
     D:7: 1601 daAuts
     D:8: 1378 daAuts
     D:5: 1325 daAuts
     D:6: 1259 daAuts
     D:4: 1103 daAuts
     D:1: 1077 daAuts
     D:3: 1055 daAuts
     D:9: 972 daAuts
     D:2: 754 daAuts
